 Dungeon Crawl Stone Soup version 0.28-a0-1555-g9ae15a6949 (webtiles) character file.

Game seed: 9826169830822353487

114 HallandMoats the Skirmisher (level 4, -1/40 HPs)
             Began as a Ghoul Monk on Jan 18, 2022.
             Was an Initiate of Ru.
             Slain by Ijyb (3 damage)
             ... on level 3 of the Dungeon.
             The game lasted 00:02:56 (2950 turns).

HallandMoats the Skirmisher (Ghoul Monk)            Turns: 2950, Time: 00:02:57

Health: -1/40      AC:  5    Str: 16    XL:     4   Next: 97%
Magic:  13/13      EV: 11    Int:  5    God:    Ru [......]
Gold:   80         SH:  0    Dex: 11    Spells: 3/3 levels left

rFire   . . .      SeeInvis .     - Unarmed
rCold   + + .      Faith    .   (no shield)
rNeg    + + +      Spirit   .   q - +0 ring mail
rPois   ∞          Reflect  .   (no helmet)
rElec   .          Harm     .   (no cloak)
rCorr   .          Rampage  .   (no gloves)
Will    .....                   (no boots)
Stlth   ..........              (no amulet)
HPRegen 0.00/turn               h - ring of protection from cold
MPRegen 0.13/turn               p - ring of magical power

@: inhibited regen, hasted, very quick
A: claws 1, cold resistance 1, negative energy resistance 3, inhibited
regeneration, torment resistance 2, no stealth
a: Renounce Religion


You were on level 3 of the Dungeon.
You worshipped Ru.
Ru was noncommittal.
You visited 1 branch of the dungeon, and saw 3 of its levels.

You collected 80 gold pieces.

Inventory:

Armour
 q - a +0 ring mail (worn)
Jewellery
 h - a ring of protection from cold (left claw)
 p - a ring of magical power (right claw)
Scrolls
 a - 2 scrolls of vulnerability {unknown}
 b - a scroll of noise {unknown}
 f - 4 scrolls of identify {unknown}
 g - a scroll of torment {unknown}
 o - 4 scrolls of immolation {unknown}
Potions
 d - a potion of curing {unknown}
 e - a potion of heal wounds {unknown}
 i - a potion of invisibility {unknown}
 j - a potion of brilliance {unknown}
 k - a potion of ambrosia {unknown}
 m - a potion of degeneration {unknown}
 n - a potion of berserk rage {unknown}


   Skills:
 + Level 3.8 Fighting
 * Level 2.1 Axes
 + Level 1.3 Armour
 + Level 3.2 Dodging
 - Level 3.2 Unarmed Combat
 + Level 1.7 Invocations


You had 3 spell levels left.
You didn't know any spells.
Your spell library was empty.

Dungeon Overview and Level Annotations

Branches:
Dungeon (3/15)

Altars:
Gozag
Ru

Annotations:
D:3 Ijyb


Innate Abilities, Weirdness & Mutations

You thrive by killing the living.
You are immune to poison.
You have sharp fingernails.
Your flesh is cold resistant. (rC+)
You are immune to negative energy. (rN+++)
You do not regenerate when monsters are visible.
You are immune to unholy pain and torment.
You cannot be stealthy.


Message History

You scratch the orc but do no damage.
The orc is moderately wounded.
The orc barely misses you.
You barely miss the orc.
The orc is lightly wounded.
You scratch the orc.
The orc is moderately wounded.
The orc closely misses you.
You scratch the orc.
The orc is severely wounded.
The orc hits you with a +0 mace.
You claw the orc!
You kill the orc!
Ijyb zaps a wand.
The mass of ice explodes!
The iceblast engulfs you! You partially resist.
You hear a shout! x2; You hear an angry hiss.
You hear a shout!
Ijyb barely misses you.
Items here: $ ) [ †.
You barely miss Ijyb. Ijyb hits you with a +0 club.
You scratch Ijyb but do no damage. Ijyb closely misses you.
You barely miss Ijyb. Ijyb closely misses you.
You scratch Ijyb but do no damage. You scratch Ijyb but do no damage.
Ijyb hits you with a +0 club.
You barely miss Ijyb. Ijyb hits you with a +0 club.
* * * LOW HITPOINT WARNING * * *
You scratch Ijyb but do no damage. Ijyb hits you with a +0 club.
* * * LOW HITPOINT WARNING * * *
An orc comes into view. It is wielding a +0 war axe.
You completely miss Ijyb. Ijyb hits you with a +0 club.
* * * LOW HITPOINT WARNING * * *
The orc throws a stone.
The stone closely misses you.
A kobold comes into view. It is wielding a +0 dagger.
You completely miss Ijyb. Ijyb hits you with a +0 club.
* * * LOW HITPOINT WARNING * * *
An orc comes into view. It is wielding a +0 flail.
Unknown command.
It was a potion of haste.
You feel yourself speed up.
Ijyb screams, "Get away!"
Ijyb hits you with a +0 club.
You die...

+....# ##....# .#....#
#+# #### ..... #.# #...
o... #.# #... #.. #.#
#... . #g# #.# #... #..
#@# #.# #...
##...#.#######.#####...
#.....o.............'>..
###.#K#.#######.#####...
...#.# #.# #... .## #.#
#.#####... .. ..#
#.....'... . ###
#.#####... #.........


You could see Ijyb, 2 orcs and a kobold.

Vanquished Creatures
  An iguana (D:3)
  An adder (D:2)
  3 worms (D:2)
  4 dart slugs
  An orc (D:3)
  3 ball pythons
  7 bats
  9 endoplasms
  A giant cockroach (D:1)
  6 goblins
  3 hobgoblins
  3 jackals
  5 kobolds
  3 quokkas (D:1)
  4 frilled lizards
  6 rats (D:2)
60 creatures vanquished.

Notes
Turn   | Place    | Note
-------+----------+-------------------------------------------
     0 | D:1      | HallandMoats the Ghoul Monk began the quest for the Orb.
     0 | D:1      | Reached XP level 1. HP: 19/19 MP: 0/0
    76 | D:1      | Reached XP level 2. HP: 8/26 MP: 1/1
   603 | D:1      | Reached skill level 1 in Invocations
   747 | D:1      | Reached skill level 1 in Axes
   868 | D:1      | Reached XP level 3. HP: 24/31 MP: 2/2
  2069 | D:2      | Found a faded altar of an unknown god.
  2092 | D:2      | Prayed at the altar of an unknown god.
  2092 | D:2      | Became a worshipper of Ru the Awakened
  2112 | D:2      | Gained mutation: You cannot be stealthy. [Ru sacrifice]
  2286 | D:2      | Reached XP level 4. HP: 31/39 MP: 4/4
  2351 | D:2      | Reached skill level 1 in Armour
  2420 | D:2      | Found an opulent altar of Gozag.
  2911 | D:3      | Noticed Ijyb
  2949 | D:3      | HP: 2/40 [Ijyb (5)]
  2950 | D:3      | Slain by Ijyb

Illustrated notes

Levels and vault maps discovered:
D:1:      lightli_arrival_chessboard, layout_basic, nicolae_figureground_pulse
D:2:      minmay_razor_zed, layout_basic,
          hellmonk_ecumenical_altar_inner_sanctum, basic_altar, chequers_jeans,
          grunt_decor_resistance, lemuel_old_faithful
D:3:      layout_basic, hangedman_decor_slide_cut, minmay_between, uniq_sigmund,
          uniq_ijyb, uniq_jessica, uniq_natasha

Skill      XL: |  1  2  3  4 |
---------------+-------------+-----
Invocations    | 1 |  1.7
Axes           | 1 2 |  2.1
Dodging        | 3 |  3.2
Stealth        | 0 |  0.0
Armour         | 1 |  1.3
Fighting       | |  3.8
Unarmed Combat | |  3.2

Action                   |  1- 3 |  4- 6 || total
-------------------------+-------+-------++-------
Melee: Unarmed           |   114 |    71 ||   185
       Punch             |     1 |       ||     1
Invok: Sacrifice Stealth |     1 |       ||     1
  Use: Potion            |       |     1 ||     1
 Stab: Sleeping          |     6 |       ||     6
Armor: Robe              |    11 |       ||    11
       Leather armour    |     5 |     3 ||     8
       Ring mail         |       |    11 ||    11
Dodge: Dodged            |    56 |    30 ||    86

Table legend: (Time is in decaauts)
 A = Elapsed time spent in this place.
 B = Non-inter-level travel time spent in this place.
 C = Inter-level travel time spent in this place.
 D = Time resting spent in this place.
 E = Time spent auto-exploring this place.
 F = Levels seen in this place.
 G = Mean time per level.
                   A        B        C        D        E       F      G
               +--------+--------+--------+--------+--------+-----+--------+
         Total |   2937 |   2689 |    248 |    213 |   2060 |   3 |  979.0 |
       Dungeon |   2937 |   2689 |    248 |    213 |   2060 |   3 |  979.0 |
               +--------+--------+--------+--------+--------+-----+--------+

Top non-repeatable levels by time:
     D:1: 1638 daAuts
     D:2: 1136 daAuts
     D:3: 163 daAuts
